 Dungeon Crawl Stone Soup version 0.22-a0-533-g4d20840 (webtiles) character file.

21 Amnesiac the Sneak (level 2, -4/16 HPs)
             Began as a Spriggan Abyssal Knight on June 23, 2018.
             Was a Follower of Lugonu.
             Slain by a worm (11 damage)
             ... on level 2 of the Dungeon.
             The game lasted 00:01:39 (581 turns).

Amnesiac the Sneak (Spriggan Abyssal Knight)         Turns: 581, Time: 00:01:40

Health: -4/16      AC:  2    Str:  8      XL:     2   Next: 62%
Magic:  4/4        EV: 18    Int: 12 (13) God:    Lugonu [*.....]
Gold:   37         SH:  0    Dex: 14 (15) Spells: 1/1 levels left

rFire    . . .     SeeInvis +   a - +3 short sword
rCold    . . .     Gourm    .   (shield restricted)
rNeg     . . .     Faith    .   b - +0 robe
rPois    .         Spirit   .   (helmet restricted)
rElec    .         Reflect  .   (no cloak)
rCorr    .         Harm     .   (gloves unavailable)
MR       .....     Rnd*Rage +   (boots unavailable)
Stlth    +++.......             (no amulet)
HPRegen  0.05/turn              (no ring)
MPRegen  0.09/turn              (no ring)

@: very quick
A: very small, unfitting armour, see invisible, [berserk 2], [deterioration 2],
herbivore, speed 3, [screaming 2], slow metabolism 2
a: Depart the Abyss, Renounce Religion


You were on level 2 of the Dungeon.
You worshipped Lugonu.
Lugonu was aware of your devotion.
You were not hungry.

You visited 1 branch of the dungeon, and saw 2 of its levels.
You visited the Abyss 1 time.

You collected 37 gold pieces.

Inventory:

Hand Weapons
 a - a +3 short sword (weapon)
Missiles
 d - 22 sling bullets
Armour
 b - a +0 robe (worn)
Jewellery
 e - a cursed ring of teleportation {unknown}
Scrolls
 g - a scroll of magic mapping {!r, unknown}
Potions
 f - a potion of cancellation {!q, unknown}
 h - a potion of degeneration {!q, unknown}
 i - a potion of heal wounds {!q, unknown}
Comestibles
 c - a ration


   Skills:
 - Level 2.4 Fighting
 - Level 2.1 Short Blades
 - Level 3.5 Dodging
 + Level 3.9 Stealth
 - Level 1.7 Invocations


You had one spell level left.
You didn't know any spells.
Your spell library was empty.

Dungeon Overview and Level Annotations

Branches:
Dungeon (2/15)

Altars:


Innate Abilities, Weirdness & Mutations

You are very small and have problems with some larger weapons.
You are too small for most types of armour.
You have supernaturally acute eyesight. (SInv)
You are a herbivore.
You cover ground extremely quickly.
You need to consume almost no food.
[You often lose your temper in combat.]
[Your body often deteriorates upon taking damage.]
[You sometimes yell uncontrollably at your foes.]


Message History

An ooze is nearby!
Found a lumpy sapphire potion and 14 gold pieces.
The ooze quivers.
You hit the ooze.
The ooze is moderately wounded.
The ooze completely misses you.
You hit the ooze.
The ooze is heavily wounded.
The ooze misses you.
You hit the ooze.
The ooze is almost dead.
The ooze completely misses you.
You hit the ooze.
You kill the ooze!
Lugonu accepts your kill.
No target in view!
A rat comes into view.
A rat is nearby!
A rat is nearby!
Found a mace.
Found a stone staircase leading down.
You see here a lumpy sapphire potion {!q}.
h - a lumpy sapphire potion {!q} You see here 14 gold pieces.
You now have 37 gold pieces (gained 14).
The rat completely misses you.
You barely miss the rat. The rat closely misses you.
You hit the rat.
The rat is heavily wounded.
The rat misses you.
You hit the rat.
You kill the rat!
Lugonu accepts your kill.
No target in view!
i - a bubbling silvery potion {!q}
Things that are here:
a short sword; a kobold corpse Key pressed, stopping explore.
You open the door.
There is an open door here.
You enter the shallow water.
Moving in this stuff is going to be slow.
Found two escape hatches in the floor.
Done exploring.
Done exploring.
There is an escape hatch in the floor here.
You slide downwards.
The hatch slams shut behind you.
A worm comes into view.
Found a stone staircase leading up.
A worm is nearby!
A worm is nearby!
There is a stone staircase leading up here.
The worm bites you!
Ouch! That really hurt!
* * * LOW HITPOINT WARNING * * *
Your body deteriorates!
You feel dopey.
You barely miss the worm. You hit the worm.
The worm is lightly wounded.
The worm closely misses you.
You hit the worm.
The worm is moderately wounded.
The worm bites you!
Ouch! That really hurt!
You die...

#####
......#####
#.........#
#####.###.####
...........#
#.##..##.#..#
# #. #....# ..
#..<.# .#
#..@.# ##..w#
.......
###.......
..##......
#... ###.#.
.... .# ##.. .


You could see a worm.

Vanquished Creatures
  An ooze (D:1)
  A dart slug (D:1)
  A leopard gecko (D:1)
  A goblin (D:1)
  A hobgoblin (D:1)
  2 kobolds (D:1)
  2 bats (D:1)
  A frilled lizard (D:1)
  5 rats (D:1)
15 creatures vanquished.

Notes
Turn   | Place    | Note
-------+----------+-------------------------------------------
     0 | Abyss:1  | Amnesiac the Spriggan Abyssal Knight began the quest for the Orb.
     0 | Abyss:1  | Reached XP level 1. HP: 11/11 MP: 3/3
    16 | Abyss:1  | Noticed a reaper
    54 | Abyss:1  | Noticed a jumping spider
    65 | Abyss:1  | Noticed a wretched star
    70 | Abyss:1  | Noticed a small abomination
    80 | Abyss:1  | Noticed a large abomination
    84 | Abyss:1  | Noticed a wretched star
   102 | Abyss:1  | Noticed a small abomination
   106 | D:1      | Escaped the Abyss
   138 | D:1      | Reached skill level 1 in Stealth
   200 | D:1      | Reached XP level 2. HP: 16/16 MP: 4/4
   264 | D:1      | Reached * piety under Lugonu
   581 | D:2      | Slain by a worm

Vault maps used:
D:1:      evilmike_arrival_crescent, minivault_11
D:2:      uniq_crazy_yiuf_cottage

Skill      XL: |  1  2 |
---------------+-------+-----
Stealth        | 2 3 |  3.9
Fighting       | |  2.4
Short Blades   | |  2.1
Dodging        | |  3.5
Invocations    | |  1.7

Action                   || total
-------------------------++-------
Melee: Short sword       ||    37
Invok: Depart the Abyss  ||     1
  Use: Scroll            ||     2
Armor: Robe              ||     8
Dodge: Dodged            ||    41

Table legend:
 A = Spawn XP
 B = Non-spawn XP
 C = Spawn XP percentage of total XP
 D = Spawn monster count
 E = Non-spawn monster count
 F = Spawn count percentage of total count
 G = Total turns spent on level
                    A         B        C        D         E        F      G
               +---------+---------+-------+---------+---------+-------+---------
         Total |       0 |      30 |   0.0 |       0 |      15 |   0.0 |   581
               +---------+---------+-------+---------+---------+-------+---------
           D:1 |       0 |      30 |   0.0 |       0 |      15 |   0.0 |   463
               +---------+---------+-------+---------+---------+-------+---------
